 Dungeon Crawl Stone Soup version 0.19-a0-82-gd3566c2 (webtiles) character file.

422 AlphabetPasta the Magician (level 6, 0/45 (48) HPs)
             Began as a Ghoul Wizard on May 14, 2016.
             Rotted away (potion of mutation)
             ... on level 3 of the Dungeon.
             The game lasted 00:23:51 (3083 turns).

AlphabetPasta the Magician (Ghoul Wizard)           Turns: 3083, Time: 00:23:53

HP:   0/45 (48)     AC:  3    Str: 11    XL:     6   Next: 95%
MP:   8/11          EV: 12    Int: 15    God:
Gold: 130           SH:  0    Dex:  7    Spells: 6 memorised, 1 level left

rFire  . . .     SeeInvis .     n - +2 dagger (venom)
rCold  + . .     Gourm    .     a - +0 robe
rNeg   + + +     Faith    .     (no shield)
rPois  ∞         Spirit   .     b - +0 hat
rElec  .         Dismiss  .     j - +0 cloak
rCorr  .         Reflect  .     (no gloves)
SustAt .         Harm     .     (no boots)
MR     .....                    (no amulet)
Stlth  ++........               (no ring)
                                (no ring)

@: rotting, repel missiles, not resistant to hostile enchantments, unstealthy
A: rotting body, claws 1, carnivore 3, cold resistance 1, negative energy
resistance 3, slow regeneration 1, torment resistance, unbreathing
a: no special abilities


You were on level 3 of the Dungeon.
You were not hungry.

You visited 1 branch of the dungeon, and saw 4 of its levels.

You collected 130 gold pieces.

Inventory:

Hand Weapons
 n - a +2 dagger of venom (weapon)
Armour
 a - a +0 robe (worn)
 b - a +0 hat (worn)
 j - a +0 cloak (worn)
Jewellery
 k - a cursed -2 ring of intelligence {unknown}
 l - an uncursed ring of fire {unknown}
 o - a +5 ring of protection {unknown}
 s - a cursed ring of teleportation {unknown}
Wands
 r - a wand of slowing (15/48)
Scrolls
 e - a scroll of random uselessness {unknown}
 f - a scroll of enchant armour {unknown}
 g - a scroll of recharging {unknown}
 h - a scroll of blinking {unknown}
 m - 4 scrolls of identify {unknown}
 p - a scroll of fear {unknown}
 q - a scroll of enchant weapon {unknown}
 v - a scroll of magic mapping {unknown}
 w - 2 scrolls of teleportation {unknown}
Potions
 i - a potion of mutation
 u - a potion of brilliance {unknown}
 x - a potion of lignification {unknown}
 z - a potion of agility {unknown}
 A - a potion of berserk rage {unknown}
Books
 c - a book of Minor Magic

   Spells                             Type                      Level
   a - Magic Dart                     Conjuration                  1
   b - Blink                          Translocation                2
   c - Call Imp                       Summoning                    2
   d - Repel Missiles                 Charms/Air                   2
   e - Slow                           Hexes                        2
   f - Conjure Flame                  Conjuration/Fire             3
   g - Mephitic Cloud                 Conjuration/Poison/Air       3
Comestibles
 d - 2 meat rations


   Skills:
 + Level 1.6 Fighting
 - Level 3.0 Dodging
 - Level 2.1 Stealth
 * Level 4.5 Spellcasting
 * Level 3.3 Conjurations
 - Level 0.8 Summonings
 - Level 0.8 Translocations


You had one spell level left.
You knew the following spells:

 Your Spells              Type           Power        Failure   Level  Hunger
a - Magic Dart            Conj           ##..         4%          1    None
b - Call Imp              Summ           #.......     17%         2    ##.....
c - Blink                 Tloc           N/A          17%         2    ##.....
d - Repel Missiles        Chrm/Air       #.....       28%         2    ##.....
e - Conjure Flame         Conj/Fire      #.......     30%         3    ###....
f - Mephitic Cloud        Conj/Pois/Air  #.......     34%         3    ###....


Dungeon Overview and Level Annotations

Branches:
Dungeon (4/15)
 Temple: D:4-7

Altars:
Gozag
Nemelex Xobeh

Annotations:
D:2 Sigmund
D:4 Dowan, Duvessa


Innate Abilities, Weirdness & Mutations

Your body is rotting away.
You thrive on raw meat.
You are immune to poison.
You have sharp fingernails.
You are carnivorous and can eat meat at any time.
Your flesh is cold resistant.
You are immune to negative energy.
You regenerate slowly when monsters are visible.
You are immune to unholy pain and torment.
You can survive without breathing.


Message History

The orc closely misses your crimson imp.
The orc hits your crimson imp but does no damage.
You closely miss the hound. The hound bites you.
Your crimson imp blinks!
The hound bites you.
You miss the hound. The hound bites you.
You barely miss the hound. The hound barely misses you. The hound bites you.
* * * LOW HITPOINT WARNING * * *
You hit the hound.
The hound is moderately wounded.
The hound bites you.
* * * LOW HITPOINT WARNING * * *
Drink which item? (? for menu, Esc to quit)
It was a potion of mutation.
You feel extremely strange.
Your body decomposes!
* * * LOW HITPOINT WARNING * * *
Your body decomposes!
* * * LOW HITPOINT WARNING * * *
Your body decomposes!
You die...

.....# ####....#
#..# .....#
#......# ##.#
.....# #......#
#.# .....#
###.#### #.#
#########.).# #.#
#....### #.#
#.##.# #.#
#.##### #####5#
#.#.).#####@hoo.#
#.#.###...#####>#
#...##..8..## #.#
###.#.......# #o#
#.#..._...# ###
#.'.⌠...⌠.#
###..._...#
#.......#
##..8..##


You could see a hound, 2 orcs and a friendly crimson imp.

Vanquished Creatures
  An ogre (D:4)
  Crazy Yiuf (D:2)
  An orc wizard (D:3)
  Terence (D:2)
  Natasha (thrice) (D:2 D:3)
  2 worker ants
  3 gnolls (D:2)
  An adder (D:3)
  2 oozes
  2 worms (D:2)
  7 dart slugs
  2 giant geckos
  An orc (D:3)
  A ball python (D:3)
  2 giant cockroaches
  9 goblins
  4 hobgoblins (D:1)
  6 jackals
  10 kobolds
  12 bats
  5 giant newts
  7 rats
83 creatures vanquished.

Notes
Turn   | Place    | Note
--------------------------------------------------------------
     0 | D:1      | AlphabetPasta the Ghoul Wizard began the quest for the Orb.
     0 | D:1      | Reached XP level 1. HP: 14/14 MP: 3/3
    97 | D:1      | Reached skill level 1 in Conjurations
   161 | D:1      | Reached XP level 2. HP: 13/20 MP: 0/4
   165 | D:1      | Learned a level 2 spell: Call Imp
   246 | D:1      | Reached skill level 3 in Spellcasting
   601 | D:1      | Reached XP level 3. HP: 26/26 MP: 0/6
   793 | D:1      | Learned a level 2 spell: Blink
   796 | D:1      | Learned a level 2 spell: Repel Missiles
  1075 | D:2      | Noticed Terence
  1144 | D:2      | Noticed Sigmund
  1276 | D:2      | Found a faded altar to an unknown god.
  1296 | D:2      | Reached XP level 4. HP: 18/33 MP: 4/8
  1395 | D:2      | Killed Terence
  1693 | D:2      | Noticed Natasha
  1740 | D:2      | Killed Natasha
  1740 | D:2      | Reached XP level 5. HP: 33/38 MP: 5/9
  1761 | D:2      | Learned a level 3 spell: Conjure Flame
  1836 | D:2      | Noticed Natasha
  1844 | D:2      | Killed Natasha
  2098 | D:2      | Noticed Crazy Yiuf
  2121 | D:2      | Killed Crazy Yiuf
  2121 | D:2      | Reached skill level 4 in Spellcasting
  2459 | D:3      | Reached XP level 6. HP: 44/45 MP: 5/11
  2464 | D:3      | Learned a level 3 spell: Mephitic Cloud
  2577 | D:3      | Found an opulent altar of Gozag.
  2578 | D:3      | Found a sparkling altar of Nemelex Xobeh.
  2731 | D:4      | Reached skill level 1 in Fighting
  2733 | D:4      | Noticed Natasha
  2744 | D:3      | Killed Natasha
  2929 | D:4      | Noticed Duvessa
  3068 | D:4      | Noticed Dowan
  3083 | D:3      | Rotted away (potion of mutation)

Vault maps used:
D:1:      dpeg_arrival_more_subterranean_lakeside_camping, minmay_box_of_dots
D:2:      ecumenical_altar_2, uniq_terence, uniq_sigmund, uniq_natasha,
          uniq_crazy_yiuf_cottage
D:3:      grunt_temple_overflow_opulence, first_bread
D:4:      grunt_temple_overflow_cloverleaf, uniq_duvessa, uniq_menkaure

Skill      XL: |  1  2  3  4  5  6 |
---------------+-------------------+-----
Conjurations   | 1 2 3 |  3.3
Dodging        | 2 3 |  3.0
Spellcasting   | 3 4 |  4.5
Fighting       | 1 |  1.6
Stealth        | |  2.1
Summonings     | |  0.8
Translocations | |  0.8

Action                   |  1- 3 |  4- 6 || total
-------------------------+-------+-------++-------
Melee: Unarmed           |    62 |       ||    62
       Dagger            |    13 |    84 ||    97
 Cast: Magic Dart        |    64 |   100 ||   164
       Repel Missiles    |     1 |     1 ||     2
       Blink             |       |     2 ||     2
       Call Imp          |       |     2 ||     2
 Stab: Sleeping          |       |     2 ||     2
  Eat: Chunk             |    28 |    27 ||    55
Armor: Robe              |    10 |    20 ||    30
Dodge: Dodged            |    50 |    73 ||   123
       Deflected         |     1 |     2 ||     3
